 Dungeon Crawl Stone Soup version 0.31.0-32-g396128a36d (webtiles) character file.

Game seed: 3921872707019348755

142 mainiacjoe the Slasher (level 5, -1/37 HPs)
             Began as an Octopode Chaos Knight on Mar 21, 2024.
             Was a Plaything of Xom.
             Slain by Terence
             ... wielding a +0 flail
              (13 damage)
             ... on level 3 of the Dungeon.
             The game lasted 00:03:51 (2029 turns).

mainiacjoe the Slasher (Octopode Chaos Knight)      Turns: 2029, Time: 00:03:52

Health: -1/37      AC:  1    Str: 11    XL:     5   Next: 25%
Magic:  5/5        EV: 14    Int: 14    God:    Xom [....*.]
Gold:   159        SH:  0    Dex: 14    Spells: 4/4 levels left

rFire   . . .        a - +0 falchion (chaos)
rCold   . . .        (no shield)
rNeg    . . .        (helmet restricted)
rPois   .            (no amulet)
rElec   .            (no ring)
rCorr   .            (no ring)
SInv    .            (no ring)
Will    .....        (no ring)
Stlth   ++           (no ring)
HPRegen 0.26/turn    (no ring)
MPRegen 0.09/turn    (no ring)
                     (no ring)

%: no passive effects
@: no status effects
A: almost no armour, amphibious, 8 rings, camouflage 1, gelatinous body 1,
(nimble swimmer 1), tentacles
a: Renounce Religion


You were on level 3 of the Dungeon.
You worshipped Xom.
You were a beloved toy of Xom.
You visited 1 branch of the dungeon, and saw 3 of its levels.

You collected 159 gold pieces.

Inventory:

Hand Weapons
 a - a +0 falchion of chaos (weapon)
 b - a +0 orcbow
 m - a +0 rapier
Missiles
 c - 31 stones
 i - 2 poisoned darts
 l - 4 javelins
Scrolls
 f - a scroll of butterflies
Potions
 d - 3 potions of curing
 e - a potion of lignification {unknown}
 g - a potion of invisibility {unknown}
 h - 3 potions of heal wounds
 j - a potion of attraction {unknown}
 k - a potion of brilliance {unknown}


   Skills:
 + Level 3.8 Fighting
 * Level 4.5 Long Blades
 + Level 3.4 Dodging


You had 4 spell levels left.
You didn't know any spells.
Your spell library contained the following spells:

 Spells                   Type           Power      Damage    Failure   Level
 Cigotuvi's Dreadful Rot  Necr/Alch/Air  0%         N/A       41%         2
 Ignite Poison            Fire/Alch      0%         N/A       96%         4
 Freezing Cloud           Conj/Ice/Air   0%         6-21      100%        5
 Haunt                    Necr/Summ      0%         N/A       100%        7
 Borgnjor's Revivificati  Necr           0%         N/A       100%        8
 Death's Door             Necr           0%         N/A       100%        9


Dungeon Overview and Level Annotations

Branches:
Dungeon (3/15)

Altars:

Shops:
D:1 [

Annotations:
D:3 Terence


Innate Abilities, Weirdness & Mutations

You cannot wear most types of armour.
You are amphibious.
You can wear up to eight rings at the same time.
Your skin changes colour to match your surroundings (Stealth+).
Your rubbery body absorbs attacks. (AC +1, EV +1)
((You are camouflaged when in or above water. (Stealth+)))
You have tentacles for arms and can constrict up to eight enemies at once.


Message History

You shoot an arrow. The arrow hits the kobold!
You kill the kobold!
No target in view!
Things that are here:
a +0 dagger; a kobold corpse You open the door.
A goblin and a giant cockroach come into view.
Found 13 gold pieces and a scroll of butterflies.
You shoot an arrow. The arrow hits the giant cockroach.
You kill the giant cockroach!
You hear a shout!
You shoot an arrow. The goblin shouts!
The arrow hits the goblin.
You kill the goblin!
Terence the Incautious comes into view.
He is wielding a +0 flail.
You shoot an arrow. The arrow hits Terence!
Terence is heavily wounded.
Terence shouts, "ATTACK!!!"
Your +0 falchion of chaos is briefly surrounded by a scintillating aura of random colours.
a - a +0 falchion of chaos (weapon)
Terence hits you with a +0 flail.
You completely miss Terence. Your grab misses Terence.
Terence is heavily wounded.
Terence hits you with a +0 flail!
You closely miss Terence. Your grab misses Terence.
Terence is heavily wounded.
Terence hits you with a +0 flail!
You are too injured to fight recklessly!
You are too injured to fight recklessly!
You are too injured to fight recklessly!
You hit Terence but do no damage. Your grab misses Terence.
You squeeze Terence, but do no damage.
Terence is heavily wounded.
Terence hits you with a +0 flail.
You barely miss Terence. You grab Terence.
Terence is heavily wounded.
You constrict Terence. Terence hits you with a +0 flail!
You die...
Terence says, "That felt goooood."

## ..? .... ## .....
.#################....).
...[...........)@@.....$
##################......
# ##### # # # # ###
..#########


You could see Terence.

Vanquished Creatures
  An orc wizard (D:3)
  4 adders
  A ribbon worm (D:2)
  2 dart slugs
  6 orcs (D:3)
  A ball python (D:2)
  10 bats
  4 endoplasms
  A giant cockroach (D:3)
  7 goblins
  3 hobgoblins (D:2)
  3 jackals (D:1)
  2 quokkas (D:2)
  4 frilled lizards
  5 kobolds
  6 rats
60 creatures vanquished.

Vanquished Creatures (collateral kills)
  An adder (D:2)
1 creature vanquished.

Vanquished Creatures (others)
  A frilled lizard zombie (D:2)
1 creature vanquished.

Grand Total: 62 creatures vanquished

Notes
Turn   | Place    | Note
-------+----------+-------------------------------------------
     0 | D:1      | mainiacjoe the Octopode Chaos Knight began the quest for
                  | the Orb.
     0 | D:1      | Reached XP level 1. HP: 16/16 MP: 1/1
   201 | D:1      | Reached XP level 2. HP: 21/21 MP: 2/2
   313 | D:1      | Found Korch's Armour Shoppe.
   786 | D:1      | XOM: silly message
   854 | D:2      | XOM: potion effect (heal wounds)
   859 | D:2      | Reached XP level 3. HP: 22/26 MP: 3/3
   929 | D:2      | XOM: divination: detect creatures
  1143 | D:2      | XOM is BORED!
  1143 | D:2      | XOM: 1-stop teleportation journey
  1159 | D:2      | Reached skill level 4 in Long Blades
  1159 | D:2      | Reached XP level 4. HP: 31/31 MP: 4/4
  1730 | D:3      | XOM: polymorph rat -> orc
  1935 | D:3      | Reached XP level 5. HP: 27/37 MP: 5/5
  2023 | D:3      | Noticed Terence
  2029 | D:3      | Slain by Terence

Illustrated notes

Levels and vault maps discovered:
D:1:      minmay_arrival_four_houses, layout_loops_corners, serial_shops, shop,
          grunt_decor_mini_mirrors
D:2:      minmay_recursive_quarters, layout_basic
D:3:      layout_basic, hex_tiny, uniq_sigmund, uniq_terence

Skill      XL: |  1  2  3 |
---------------+----------+-----
Dodging        | 3 |  3.4
Long Blades    | 4 |  4.5
Fighting       | |  3.8

Action                     |  1- 3 |  4- 6 || total
---------------------------+-------+-------++-------
  Melee: Falchion          |    42 |    51 ||    93
         Constrict         |     9 |    15 ||    24
         Tentacles         |     8 |    12 ||    20
   Fire: Orcbow            |    25 |    10 ||    35
  Throw: Stone             |     3 |       ||     3
    Use: Scroll            |     3 |     2 ||     5
   Stab: Sleeping          |     6 |     3 ||     9
         Distracted        |     1 |       ||     1
 Armour: Skin              |    12 |    33 ||    45
  Dodge: Dodged            |    24 |    33 ||    57
